 Dungeon Crawl Stone Soup version bcrawl-1.27.6 (webtiles) character file.

Game seed: 12128466340285727255

162896 Faustar the Slasher (level 6, -4/37 HPs)
             Began as a Skeleton Skald on Sept 14, 2020.
             Slain by a sky beast (6 damage)
             ... on level 4 of the Dungeon.
             The game lasted 00:06:12 (3306 turns).

Faustar the Slasher (Skeleton Skald)                Turns: 3306, Time: 00:06:13

Health: -4/37      AC: 12    Str: 19      XL:     6   Next: 16%
Magic:  0/10       EV:  8    Int: 12      God:
Gold:   346        SH:  0    Dex:  6 (8)  Spells: 7/11 levels left

rFire    . . .     SeeInvis .   a - +0 falchion
rCold    + . .     Gourm    .   (no shield)
rNeg     + + +     Faith    .   n - +4 chain mail
rPois    ∞         Spirit   +   (no helmet)
rElec    .         Reflect  .   (no cloak)
rCorr    +         Harm     .   (no gloves)
MR       .....                  (no boots)
Stlth    ..........             (no amulet)
HPRegen  0.12/turn              i - ring of resist corrosion
MPRegen  0.12/turn              (no ring)

@: no status effects
A: no food or potions, cold resistance 1, deterioration 1, negative energy
resistance 3, powered by death 1, torment resistance, unbreathing, magic shield,
sturdy frame 1, spell healing
a: no special abilities


You were on level 4 of the Dungeon.
You were not hungry.

You visited 1 branch of the dungeon, and saw 4 of its levels.

You collected 346 gold pieces.

Inventory:

Hand Weapons
 a - a +0 falchion (weapon)
Armour
 b - a +0 leather armour
 l - a cursed +0 buckler
 n - a +4 chain mail (worn)
Jewellery
 i - a ring of resist corrosion (left hand)
Wands
 j - a wand of polymorph (7)
Scrolls
 c - 7 scrolls of identify
 d - 2 scrolls of fear
 e - 4 scrolls of enchant weapon {unknown}
 f - 5 scrolls of teleportation {unknown}
 g - a scroll of fog {unknown}
 h - a scroll of blinking {unknown}
 k - 6 scrolls of remove curse {unknown}
 m - a scroll of noise {unknown}
 o - a scroll of amnesia {unknown}


   Skills:
 - Level 3.2 Fighting
 + Level 5.8 Long Blades
 - Level 1.1 Armour
 - Level 2.0 Dodging
 + Level 3.9 Shields
 - Level 3.0 Spellcasting
 - Level 3.2 Charms


You had 7 spell levels left.
You knew the following spells:

 Your Spells              Type           Power        Failure   Level  Hunger
a - Infusion              Chrm           #.......     41%         1    N/A
b - Spectral Weapon       Hex/Chrm       #.......     95%         3    N/A

Your spell library contained the following spells:

 Spells                   Type           Power        Failure   Level  Hunger
 Song of Slaying          Chrm           #.......     54%         2    N/A
 Ozocubu's Armour         Chrm/Ice       #.......     95%         3    N/A
 Regeneration             Chrm/Necr      Unusable     N/A         3    N/A

Dungeon Overview and Level Annotations

Branches:
Dungeon (4/12)
 Temple: D:4-7

Altars:
Elyvilon
Kikubaaqudgha


Innate Abilities, Weirdness & Mutations

You do not eat or drink.
You are immune to poison.
Your flesh is cold resistant. (rC+)
Your body sometimes deteriorates upon taking damage.
You are immune to negative energy. (rN+++)
You regenerate a little health from kills.
You are immune to unholy pain and torment.
You can survive without breathing.
When hurt, damage is shared between your health and your magic reserves.
Your movements are slightly less encumbered by armour. (ER -2)
Casting spells heals you.


Message History

You miss something. Something hits you but does no damage.
You closely miss something. Something hits you but does no damage.
Your chain mail prevents you from hitting something.
Something hits you but does no damage.
You miss something. Something hits you but does no damage.
You barely miss something. You miss something.
Something hits you but does no damage.
You hit something but do no damage. Something hits you but does no damage.
Your chain mail prevents you from hitting something.
Something hits you but does no damage.
You miss something. Something hits you but does no damage.
You closely miss something. Something hits you but does no damage.
Your magical contamination has completely faded away.
You miss something.
A sky beast appears from thin air!
Reactivating autopickup.
The sky beast barely misses you.
You hit the sky beast but do no damage. The sky beast hits you.
* * * LOW HITPOINT WARNING * * *
The sky beast shocks you.
You die...

#####.###............##........#
...%.................# #.......#
#####.####+#.........# #.......#
#####.####.#.....(...# #.......#
!..##................# #.......#
...##.#...........##.####.####.#
...##.#...........+.........##.#
...##.#.##........##.#####.###.##
...##.#.##......@Y..≈............
...##.#.##.#########.#####..##.##
...##.#.##.# #.# ##.##.#
...##.#..... #.# #[#...
........##.# #.# #.#....
........##.# ..# #.#.... ### #.#
... ..# #.##+## ... ... #.# #..
#.#


You could see a sky beast.

Vanquished Creatures
  2 crimson imps (D:4)
  3 hounds
  Terence (D:3)
  A gnoll (D:3)
  3 adders
  An ooze (D:4)
  4 worms
  A dart slug (D:2)
  A leopard gecko (D:1)
  4 orcs
  5 giant cockroaches
  7 goblins
  10 hobgoblins
  2 jackals (D:2)
  4 kobolds
  3 quokkas
  9 bats
  2 frilled lizards (D:1)
  8 rats
71 creatures vanquished.

Vanquished Creatures (others)
  A quokka (D:2)
1 creature vanquished.

Grand Total: 72 creatures vanquished

Notes
Turn   | Place    | Note
-------+----------+-------------------------------------------
     0 | D:1      | Faustar the Skeleton Skald began the quest for the Orb.
     0 | D:1      | Reached XP level 1. HP: 12/12 MP: 4/4
   175 | D:1      | Reached skill level 3 in Long Blades
   175 | D:1      | Reached XP level 2. HP: 12/18 MP: 0/6
   833 | D:2      | Reached XP level 3. HP: 3/22 MP: 0/7
  1473 | D:2      | Reached skill level 4 in Long Blades
  1642 | D:2      | Found a white marble altar of Elyvilon.
  1715 | D:2      | Reached XP level 4. HP: 28/28 MP: 8/8
  1723 | D:2      | Found an ancient bone altar of Kikubaaqudgha.
  2051 | D:3      | Reached skill level 1 in Shields
  2452 | D:3      | Noticed Terence
  2506 | D:3      | Killed Terence
  2775 | D:3      | Reached XP level 5. HP: 29/32 MP: 9/9
  2787 | D:3      | Reached skill level 5 in Long Blades
  3140 | D:4      | Learned a level 3 spell: Spectral Weapon
  3216 | D:4      | Gained mutation: You regenerate a little health from kills.
                  | [Skeleton growth]
  3216 | D:4      | Reached XP level 6. HP: 37/37 MP: 6/10
  3258 | D:4      | Noticed a sky beast
  3306 | D:4      | Slain by a sky beast

Skill      XL: |  1  2  3  4  5 |
---------------+----------------+-----
Long Blades    | 3 4 5 |  5.8
Fighting       | 3 |  3.2
Shields        | 2 3 |  3.9
Armour         | |  1.1
Dodging        | |  2.0
Spellcasting   | |  3.0
Charms         | |  3.2

Action                   |  1- 3 |  4- 6 || total
-------------------------+-------+-------++-------
Melee: Falchion          |   152 |   347 ||   499
 Cast: Infusion          |     4 |     4 ||     8
Evoke: Wand              |       |     1 ||     1
Armor: Leather armour    |    34 |     7 ||    41
       Chain mail        |       |   162 ||   162
Dodge: Dodged            |   109 |   116 ||   225
Block: Other             |       |     4 ||     4
